 Dungeon Crawl Stone Soup version 0.30-a0-778-g2ef04afb54 (console) character file.

Game seed: 12351291234753261405

245 rlgrobin the Chopper (level 6, -1/51 HPs)
             Began as a Meteoran Fighter on Feb 17, 2023.
             Slain by a centaur zombie (3 damage)
             ... in an ossuary.
             The game lasted 00:02:03 (390 turns).

rlgrobin the Chopper (Meteoran Fighter)              Turns: 390, Time: 00:02:04

Health: -1/51      AC:  6    Str: 19    XL:     6   Next: 59%
Magic:  7/7        EV:  9    Int: 11    God:
Gold:   41         SH:  5    Dex: 13    Spells: 5/5 levels left

rFire   . . .      SeeInvis .    a - +0 war axe
rCold   . . .      Faith    .    c - +0 buckler
rNeg    . . .      Spirit   .    b - +0 scale mail
rPois   .          Reflect  .    (no helmet)
rElec   .          Harm     .    (no cloak)
rCorr   .          Rampage  .    (no gloves)
Will    .....                    (no boots) Stlth
                                 (no amulet)
HPRegen 0.28/turn                (no ring)
MPRegen 0.10/turn                (no ring)

@: glowing
A: sense surroundings 1, otherworldly, glowing, explore regen
a: no special abilities


You were in an ossuary.
You visited 1 branch of the dungeon, and saw 4 of its levels.
You also visited: Ossuary.

You collected 41 gold pieces.

Inventory:

Hand Weapons
 a - a +0 war axe (weapon)
Armour
 b - a +0 scale mail (worn)
 c - a +0 buckler (worn)
Scrolls
 e - a scroll of fear {unknown}
Potions
 d - a potion of might


   Skills:
 - Level 3.2 Fighting
 + Level 7.5 Axes
 - Level 3.6 Armour
 - Level 3.6 Shields


You had 5 spell levels left.
You didn't know any spells.
Your spell library was empty.

Dungeon Overview and Level Annotations

Branches:
Dungeon (4/15) Zot: 2121  Ossuary (1/1) Zot: 447
 Temple: D:4-7

Altars:


Innate Abilities, Weirdness & Mutations

You passively map a small area around you.
You are easily found by Zot.
You glow in the dark.
You regain HP and MP as you explore.


Message History

* * * LOW HITPOINT WARNING * * *
You hit the centaur zombie.
The centaur zombie is moderately damaged.
The centaur zombie barely misses you. The centaur zombie kicks you.
* * * LOW HITPOINT WARNING * * *
The centaur zombie hits you but does no damage.
The centaur zombie kicks you but does no damage.
You hit the centaur zombie.
The centaur zombie is heavily damaged.
The centaur zombie hits you but does no damage.
The centaur zombie closely misses you.
You slash the centaur zombie!
The centaur zombie is severely damaged.
You block the centaur zombie's attack. The centaur zombie kicks you.
* * * LOW HITPOINT WARNING * * *
The centaur zombie barely misses you. You block the centaur zombie's attack.
You hit the centaur zombie.
The centaur zombie is severely damaged.
The centaur zombie hits you but does no damage.
The centaur zombie kicks you but does no damage.
You barely miss the centaur zombie.
The centaur zombie is severely damaged.
The centaur zombie hits you.
* * * LOW HITPOINT WARNING * * *
The centaur zombie kicks you but does no damage.
You block the centaur zombie's attack.
The centaur zombie kicks you but does no damage.
You slash the centaur zombie!
You destroy the centaur zombie!
You open the door.
A centaur zombie comes into view.
You hit the centaur zombie.
The centaur zombie is lightly damaged.
The centaur zombie hits you.
* * * LOW HITPOINT WARNING * * *
The centaur zombie kicks you but does no damage.
You hit the centaur zombie.
The centaur zombie is moderately damaged.
The centaur zombie hits you.
You die...

*, , * ~ ##~ * *
*P~.~~, , *
*~M##### * ~#
,.~#..∩# * ,+ *
#≈##~#.∩.### , *
## ~~ .'.#...#.# *
'. *
~#.##'##Z##+##.###
+.~....@......'.#
*
#'#'#'#'#+#+#+###
#.#.#.#.#, *,*
######### *


You could see a centaur zombie.

Vanquished Creatures
  A bullfrog zombie (Ossuary)
  3 centaur zombies (Ossuary)
  6 mummies (Ossuary)
  A howler monkey zombie (Ossuary)
  An adder (D:4)
  A worm (D:4)
  A ball python (D:1)
  An endoplasm (D:1)
  A quokka (D:2)
  A frilled lizard (D:1)
17 creatures vanquished.

Vanquished Creatures (others)
  6 withered plants (Ossuary)
6 creatures vanquished.

Grand Total: 23 creatures vanquished

Notes
Turn   | Place    | Note
-------+----------+-------------------------------------------
     0 | D:1      | rlgrobin the Meteoran Fighter began the quest for the Orb.
     0 | D:1      | Reached XP level 1. HP: 19/19 MP: 2/2
   105 | D:2      | Reached skill level 3 in Axes
   105 | D:2      | Reached XP level 2. HP: 26/26 MP: 3/3
   203 | D:4      | Reached XP level 3. HP: 11/31 MP: 4/4
   265 | D:4      | Found a sand-covered staircase.
   269 | Ossuary  | Entered an ossuary
   279 | Ossuary  | Reached skill level 4 in Axes
   294 | Ossuary  | Reached XP level 4. HP: 21/38 MP: 5/5
   325 | Ossuary  | Reached skill level 5 in Axes
   325 | Ossuary  | Reached XP level 5. HP: 26/45 MP: 6/6
   336 | Ossuary  | Reached skill level 6 in Axes
   354 | Ossuary  | Reached XP level 6. HP: 13/51 MP: 7/7
   368 | Ossuary  | Reached skill level 7 in Axes
   389 | Ossuary  | HP: 2/51 [centaur zombie (4)]
   390 | Ossuary  | Slain by a centaur zombie

Illustrated notes

Levels and vault maps discovered:
D:1:      minmay_arrival_widening_spiral_wide, layout_basic, serial_shops, shop,
          kennysheep_small_spiral
D:2:      layout_basic
D:3:      layout_loops_ring, lemuel_tele_altar
D:4:      layout_layer_cave, enter_ossuary_5, serial_shops,
          nicolae_shop_temple_entry_statues_fountains, minmay_shop_grid_forest
Ossuary:  ossuary_zaba_flooded

Skill      XL: |  1  2  3  4  5  6 |
---------------+-------------------+-----
Axes           | 3 4 5 6 7 |  7.5
Fighting       | |  3.2
Armour         | |  3.6
Shields        | |  3.6

Action                     |  1- 3 |  4- 6 || total
---------------------------+-------+-------++-------
  Melee: War axe           |    39 |    48 ||    87
    Use: Scroll            |     2 |       ||     2
 Armour: Scale mail        |    17 |    31 ||    48
  Dodge: Dodged            |    10 |    20 ||    30
  Block: Buckler           |     6 |    15 ||    21

Table legend: (Time is in decaauts)
 A = Elapsed time spent in this place.
 B = Non-inter-level travel time spent in this place.
 C = Inter-level travel time spent in this place.
 D = Time resting spent in this place.
 E = Time spent auto-exploring this place.
 F = Levels seen in this place.
 G = Mean time per level.
                   A        B        C        D        E       F      G
               +--------+--------+--------+--------+--------+-----+--------+
         Total |    429 |    429 |      0 |      0 |      0 |   5 |   85.8 |
       Dungeon |    278 |    278 |      0 |      0 |      0 |   4 |   69.5 |
       Ossuary |    151 |    151 |      0 |      0 |      0 |   1 |  151.0 |
               +--------+--------+--------+--------+--------+-----+--------+

Top non-repeatable levels by time:
 Ossuary: 151 daAuts
     D:4: 132 daAuts
     D:1: 97 daAuts
     D:3: 25 daAuts
     D:2: 22 daAuts
